 Dungeon Crawl Stone Soup version 0.31-a0-1589-g8f5e8aebd6 (webtiles) character file.

Game seed: 13021675313348725254

934 BigPumpCobain the Chopper (level 7, -25/63 HPs)
             Began as a Minotaur Fighter on Jan 6, 2024.
             Annihilated by a two-headed ogre
             ... wielding a +0 giant spiked club
              (26 damage)
             ... on level 5 of the Dungeon.
             The game lasted 00:06:10 (3980 turns).

BigPumpCobain the Chopper (Minotaur Fighter)        Turns: 3980, Time: 00:06:11

Health: -25/63     AC: 14    Str: 23    XL:     7   Next: 86%
Magic:  6/6        EV: 13    Int:  5    God:
Gold:   376        SH:  5    Dex:  9    Spells: 6/6 levels left

rFire   . . .        a - +1 war axe
rCold   . . .        c - +0 buckler
rNeg    . . .        q - +0 chain mail
rPois   .            (helmet restricted)
rElec   .            k - +0 cloak
rCorr   +            x - +0 pair of gloves
SInv    .            t - +1 pair of boots {Fly}
Will    .....        (no amulet) Stlth
                     u - ring of resist corrosion
HPRegen 0.30/turn    v - +5 ring of evasion
MPRegen 0.10/turn

%: no passive effects
@: mighty, flying
A: horns 2, retaliatory headbutt
a: no special abilities


You were on level 5 of the Dungeon.
You visited 2 branches of the dungeon, and saw 7 of its levels.

You collected 376 gold pieces.

Inventory:

Hand Weapons
 a - a +1 war axe (weapon)
 s - the +2 short sword "Jeoczen" {holy, Stlth+}
   (You found it on level 3 of the Dungeon)

   Stlth+:    It makes you more stealthy.
Armour
 c - a +0 buckler (worn)
 k - a +0 cloak (worn)
 q - a +0 chain mail (worn)
 t - a +1 pair of boots of flying (worn)
 x - a +0 pair of gloves (worn)
Jewellery
 u - a ring of resist corrosion (left hand)
 v - a +5 ring of evasion (right hand)
 z - a ring of positive energy
Talismans
 o - a serpent talisman
Wands
 g - a wand of quicksilver (9)
Scrolls
 e - 5 scrolls of teleportation
 h - a scroll of revelation
 l - a scroll of vulnerability {unknown}
 w - a scroll of fear {unknown}
 y - 3 scrolls of identify
Potions
 b - 2 potions of enlightenment {unknown}
 f - a potion of lignification {unknown}
 i - 2 potions of resistance {unknown}
 j - a potion of attraction {unknown}
 m - a potion of haste {unknown}
 n - a potion of mutation {unknown}
 p - a potion of ambrosia {unknown}
 r - a potion of berserk rage {unknown}
 A - 2 potions of brilliance {unknown}


   Skills:
 + Level 6.0 Fighting
 * Level 7.3 Axes
 + Level 5.9 Armour
 + Level 6.0 Shields


You had 6 spell levels left.
You didn't know any spells.
Your spell library contained the following spells:

 Spells                   Type           Power      Damage    Failure   Level
 Apportation              Tloc           0%         N/A       98%         1
 Necrotise                Necr           0%         1d4       98%         1
 Sting                    Conj/Alch      0%         1d3       98%         1
 Summon Small Mammal      Summ           0%         N/A       98%         1
 Ensorcelled Hibernation  Hex/Ice        0%         N/A       99%         2
 Frozen Ramparts          Ice            0%         1d1       100%        3
 Fugue of the Fallen      Necr           0%         N/A       100%        3
 Ozocubu's Armour         Ice            0%         N/A       100%        3
 Anguish                  Hex/Necr       0%         N/A       100%        4
 Cause Fear               Hex            0%         N/A       100%        4
 Leda's Liquefaction      Alch/Erth      0%         N/A       100%        4
 Petrify                  Alch/Erth      0%         N/A       100%        4
 Metabolic Englaciation   Hex/Ice        0%         N/A       100%        5
 Sculpt Simulacrum        Ice/Alch       0%         N/A       100%        6
 Enfeeble                 Hex            0%         N/A       100%        7


Dungeon Overview and Level Annotations

Branches:
Dungeon (6/15)             Temple (1/1) D:4

Altars:
Ashenzari
Cheibriados
Elyvilon
Fedhas
Kikubaaqudgha
Makhleb
Qazlal
Ru
Xom
Yredelemnul


Innate Abilities, Weirdness & Mutations

You have a pair of horns on your head.
You reflexively headbutt those who attack you in melee.


Message History

You block the phantom's attack.
The jelly quivers.
You slash the phantom!
You destroy the phantom!
The centaur shoots an arrow.
The arrow closely misses you.
The centaur shoots an arrow.
The arrow hits you!
Your Fighting skill increases to level 6!
Your Shields skill increases to level 6!
You are too injured to fight recklessly!
You are too injured to fight recklessly!
You are too injured to fight recklessly!
You are too injured to fight recklessly!
You are too injured to fight recklessly!
You are too injured to fight recklessly!
You are too injured to fight recklessly!
You are too injured to fight recklessly!
You are too injured to fight recklessly!
You are too injured to fight recklessly!
You are too injured to fight recklessly!
You are too injured to fight recklessly!
You are too injured to fight recklessly!
You are too injured to fight recklessly!
The centaur shoots an arrow.
The arrow closely misses you.
There is a stone staircase leading up here.
The two-headed ogre hits you with a +0 giant spiked club!!
* * * LOW HITPOINT WARNING * * *
The two-headed ogre misses you.
You fly upwards.
Reactivating autopickup.
There is a stone staircase leading down here.
You feel very mighty all of a sudden.
The two-headed ogre hits you but does no damage.
The two-headed ogre hits you with a +0 giant club!
* * * LOW HITPOINT WARNING * * *
You barely miss the two-headed ogre.
Your headbutt misses the two-headed ogre.
You slice the two-headed ogre!! You headbutt the two-headed ogre!
The two-headed ogre is severely wounded.
The two-headed ogre hits you with a +0 giant spiked club!!
You die...

#.#
#####.#####.........##
#.#
#.........#.###.......
#.#
#.###.###.#..##.###.##
#.# #.# #.# #.#.........#
#.###.###.###.......###.#
#.......................#
#####.###.###.......###.#
####.###.######..### #.##
#.......@O.......#####.##
#.##.###.######........#.
#.##.# #.# ##...########
#.##.###.# ##.....## #
#.#...##.###.......## ##
#.#....#.##.........####.
#.........+.........+....
###....####.........####.
#.#.## ##.<.....## ##


You could see a two-headed ogre.

Vanquished Creatures
  Sigmund (D:4)
  A black bear (D:6)
  An ice beast (D:5)
  An ogre (D:5)
  A phantom (D:6)
  A bullfrog (D:6)
  A scorpion (D:5)
  A bombardier beetle (D:4)
  Ijyb (D:4)
  An orc wizard (D:4)
  An iguana (D:5)
  9 adders
  6 dart slugs
  17 orcs
  3 bats
  8 endoplasms
  A giant cockroach (D:2)
  5 goblins
  4 hobgoblins
  13 jackals
  3 quokkas
  6 ball pythons
  5 frilled lizards
  7 kobolds
  7 rats
105 creatures vanquished.

Vanquished Creatures (others)
  A ball python (D:4)
  A goblin (D:4)
2 creatures vanquished.

Grand Total: 107 creatures vanquished

Notes
Turn   | Place    | Note
-------+----------+-------------------------------------------
     0 | D:1      | BigPumpCobain the Minotaur Fighter began the quest for the
                  | Orb.
     0 | D:1      | Reached XP level 1. HP: 19/19 MP: 0/0
   118 | D:1      | Reached XP level 2. HP: 24/27 MP: 1/1
   213 | D:1      | Reached skill level 3 in Axes
   731 | D:2      | Reached XP level 3. HP: 33/33 MP: 2/2
  1026 | D:2      | Reached XP level 4. HP: 40/40 MP: 3/3
  1264 | D:2      | Reached skill level 4 in Axes
  1573 | D:3      | Identified the +2 short sword "Jeoczen" {holy, Stlth+}
  2129 | D:3      | Found a burning altar of Makhleb.
  2129 | D:3      | Noticed a green death
  2132 | D:3      | Noticed an orange demon
  2132 | D:3      | Noticed an orange demon
  2332 | D:4      | Found a staircase to the Ecumenical Temple.
  2341 | Temple   | Entered the Ecumenical Temple
  2433 | D:4      | Reached XP level 5. HP: 47/47 MP: 4/4
  2541 | D:4      | Noticed Sigmund
  2560 | D:4      | Killed Sigmund
  2561 | D:4      | Reached skill level 5 in Fighting
  2561 | D:4      | Reached skill level 5 in Axes
  2561 | D:4      | Reached skill level 5 in Shields
  2561 | D:4      | Reached XP level 6. HP: 38/56 MP: 5/5
  2640 | D:4      | Noticed Ijyb
  2645 | D:4      | Reached skill level 5 in Armour
  2654 | D:4      | Killed Ijyb
  2803 | D:4      | Found a sacrificial altar of Ru.
  2823 | D:4      | Found an ancient bone altar of Kikubaaqudgha.
  3053 | D:4      | Found a shimmering altar of Xom.
  3085 | D:5      | Entered Level 5 of the Dungeon
  3209 | D:5      | Reached skill level 6 in Axes
  3306 | D:5      | Reached XP level 7. HP: 58/61 MP: 6/6
  3964 | D:6      | Noticed a two-headed ogre
  3971 | D:6      | Reached skill level 7 in Axes
  3978 | D:5      | HP: 1/63 [two-headed ogre/+0 giant spiked club (9)]
  3980 | D:5      | Annihilated by a two-headed ogre

Illustrated notes

Levels and vault maps discovered:
D:1:      dpeg_arrival_ternary, layout_basic, serial_rivers,
          chequers_serial_rivers_micro_c, chequers_serial_rivers_micro_d,
          chequers_serial_rivers_micro_d, chequers_serial_rivers_large_a,
          chequers_serial_rivers_micro_a
D:2:      layout_basic, minmay_joined_circles
D:3:      layout_loops_ring, makhleb_altar_promises_db
D:4:      layout_rooms, mainiacjoe_overflow_catwalk,
          nicolae_ru_the_path_less_chosen, mainiacjoe_overflow_chevrons,
          minmay_temple_entry_overgrown, serial_glass, glass_columns_a,
          glass_columns_a, st_stairs_11, kennysheep_generic_room_15, uniq_ijyb,
          uniq_sigmund
D:5:      layout_loops_corners
D:6:      cheibrodos_fzero, layout_rooms, mainiacjoe_overflow_alcove_1,
          nemelex_dance_club_becter, serial_shops, shop, minmay_liquid_box
Temple:   nicolae_temple_bog_church

Skill      XL: |  1  2  3  4  5  6  7 |
---------------+----------------------+-----
Axes           | 3 4 5 6 7 |  7.3
Armour         | 4 5 |  5.9
Shields        | 4 5 6 |  6.0
Fighting       | 4 5 6 |  6.0

Action                     |  1- 3 |  4- 6 |  7- 9 || total
---------------------------+-------+-------+-------++-------
  Melee: War axe           |    64 |   139 |    29 ||   232
         Headbutt          |     9 |    30 |     8 ||    47
    Use: Scroll            |       |     6 |       ||     6
         Potion            |       |       |     1 ||     1
 Armour: Scale mail        |    42 |    14 |       ||    56
         Chain mail        |       |    71 |    22 ||    93
  Dodge: Dodged            |    37 |    67 |    26 ||   130
  Block: Buckler           |    11 |    30 |     7 ||    48

Table legend: (Time is in decaauts)
 A = Elapsed time spent in this place.
 B = Non-inter-level travel time spent in this place.
 C = Inter-level travel time spent in this place.
 D = Time resting spent in this place.
 E = Time spent auto-exploring this place.
 F = Levels seen in this place.
 G = Mean time per level.
                   A        B        C        D        E       F      G
               +--------+--------+--------+--------+--------+-----+--------+
         Total |   4057 |   3885 |    172 |      0 |   3172 |   7 |  579.6 |
       Dungeon |   4031 |   3871 |    160 |      0 |   3172 |   6 |  671.8 |
        Temple |     25 |     13 |     12 |      0 |      0 |   1 |   25.0 |
               +--------+--------+--------+--------+--------+-----+--------+

Top non-repeatable levels by time:
     D:4: 895 daAuts
     D:5: 883 daAuts
     D:3: 775 daAuts
     D:2: 740 daAuts
     D:1: 714 daAuts
  Temple: 25 daAuts
     D:6: 21 daAuts
